 Dungeon Crawl Stone Soup version 0.26.0-15-gc6cd9f7 (webtiles) character file.

Game seed: 17537140069912914520

1113 GeorgeSoros the Covert (level 8, -6/60 HPs)
             Began as a Vampire Enchanter on Jan 20, 2021.
             Mangled by an orc warrior
             ... wielding a +0 flail
              (15 damage)
             ... on level 6 of the Dungeon on Jan 22, 2021.
             The game lasted 00:29:08 (5580 turns).

GeorgeSoros the Covert (Vampire Enchanter)          Turns: 5580, Time: 00:29:09

Health: -6/60      AC:  7    Str:  7    XL:     8   Next: 11%
Magic:  5/11       EV: 13    Int: 20    God:
Gold:   339        SH:  0    Dex: 14    Spells: 2/11 levels left

rFire    . . .     SeeInvis +   a - +1 dagger
rCold    . . .     Faith    .   (no shield)
rNeg     . . .     Spirit   .   b - +0 robe
rPois    .         Reflect  .   (no helmet)
rElec    .         Harm     .   g - +0 cloak
rCorr    .         Rampage  .   (no gloves)
Will     .....                  (no boots)
Stlth    ++++......             (no amulet)
HPRegen  0.40/turn              n - +4 ring of protection
MPRegen  0.12/turn              (no ring)

@: regenerating quickly
A: fangs 3, see invisible, unbreathing
a: Exsanguinate


You were on level 6 of the Dungeon.
You visited 1 branch of the dungeon, and saw 6 of its levels.

You collected 339 gold pieces.

Inventory:

Hand Weapons
 a - a +1 dagger (weapon)
 j - a -2 dagger
Missiles
 d - 26 poisoned darts
Armour
 b - a +0 robe (worn)
 g - a +0 cloak (worn)
 l - a scarf of invisibility
 t - a +0 buckler
Jewellery
 n - a +4 ring of protection (left hand)
 r - an uncursed amulet of faith
Wands
 u - a wand of iceblast (11)
Scrolls
 e - a scroll of blinking
 k - 2 scrolls of remove curse
Potions
 c - a potion of flight
 f - a potion of brilliance
 h - a potion of heal wounds
 i - a potion of curing
 m - a potion of haste {unknown}
 o - 2 potions of resistance
 p - a potion of degeneration {unknown}
 q - 3 potions of cancellation
 s - a potion of attraction {unknown}
 v - a potion of mutation {unknown}


   Skills:
 - Level 4.0 Fighting
 + Level 1.9 Short Blades
 - Level 3.0 Dodging
 - Level 8.0 Stealth
 - Level 4.0 Shields
 - Level 2.0 Spellcasting
 + Level 6.0 Hexes
 - Level 1.0 Ice Magic
 + Level 3.1 Evocations


You had 2 spell levels left.
You knew the following spells:

 Your Spells              Type           Power        Failure   Level
a - Corona                Hex            28%          1%          1
b - Ensorcelled Hibernat  Hex/Ice        32%          5%          2
c - Confusing Touch       Hex            26%          3%          3
d - Tukima's Dance        Hex            26%          3%          3

Your spell library contained the following spells:

 Spells                   Type           Power        Failure   Level
 Dazzling Flash           Conj/Hex       28%          14%         3


Dungeon Overview and Level Annotations

Branches:
Dungeon (6/15)
 Temple: D:4-7

Altars:
Elyvilon
Sif Muna
Trog

Shops:
D:5 (


Innate Abilities, Weirdness & Mutations

Your natural rate of healing is unusually fast.
You have razor-sharp teeth.
You have supernaturally acute eyesight. (SInv)
You can survive without breathing.


Message History

Casting: Ensorcelled Hibernation (safe; 5% risk of failure)
Confirm with . or Enter, or press ? or * to list all spells.
Aiming: Ensorcelled Hibernation (safe; 5% risk of failure)
Press: ? - help, Shift-Dir - straight line, f - orc priest, p - orc warrior
Aim: an orc priest, wielding a +0 morningstar (chance to affect: 47%)
The orc priest resists with some effort.
The orc warrior barely misses you.
Casting: Ensorcelled Hibernation (safe; 5% risk of failure)
Confirm with . or Enter, or press ? or * to list all spells.
Aiming: Ensorcelled Hibernation (safe; 5% risk of failure)
Press: ? - help, Shift-Dir - straight line, f/p - orc priest
Aim: an orc priest, wielding a +0 morningstar (chance to affect: 47%)
The orc priest looks drowsy...
The orc warrior hits you with a +0 flail!!
* * * LOW HITPOINT WARNING * * *
The helpless orc priest fails to defend itself.
You impale the orc priest!!
You kill the orc priest!
The orc warrior hits you with a +0 flail!
You die...

.##
##.....##........
..#
##.......#.###....
..# ##..........#
### .^#
##...........# ..#
##...........##
..# #............#
..#
#.............#
..#
..........oo#.#
..#
.........@.#.##
..# ..........##.#
.## ##......####)#
.# ######## ##.#
## #.o# ##
#.oo.o.... .#
#.....o### .#
.....o...# .##
#.....###.#


You could see an orc warrior and an orc.

Vanquished Creatures
  Prince Ribbit (D:5)
  A meliai zombie (D:6)
  A phantom (D:5)
  Blork the orc (D:6)
  A bullfrog (D:6)
  A scorpion (D:5)
  A howler monkey (D:6)
  A jelly (D:6)
  A centaur skeleton (D:5)
  An orc priest (D:6)
  2 iguanas
  3 worker ants (D:5)
  3 gnolls (D:3)
  A howler monkey skeleton (D:4)
  5 adders
  A shadow imp (D:5)
  4 worms
  6 dart slugs
  8 leopard geckos
  7 orcs
  13 bats
  5 giant cockroaches
  10 goblins
  6 hobgoblins
  5 jackals
  3 quokkas
  4 ball pythons
  6 frilled lizards
  2 giant cockroach zombies (D:5)
  4 kobolds
  9 rats
117 creatures vanquished.

Vanquished Creatures (others)
  A wizard (D:5)
1 creature vanquished.

Grand Total: 118 creatures vanquished

Notes
Turn   | Place    | Note
-------+----------+-------------------------------------------
     0 | D:1      | GeorgeSoros the Vampire Enchanter began the quest for the
                  | Orb.
     0 | D:1      | Reached XP level 1. HP: 13/13 MP: 3/3
   173 | D:1      | Reached XP level 2. HP: 19/19 MP: 5/5
   382 | D:1      | Reached skill level 5 in Stealth
   445 | D:1      | Reached skill level 5 in Hexes
   520 | D:1      | Reached XP level 3. HP: 24/24 MP: 3/6
   602 | D:1      | Learned a level 2 spell: Ensorcelled Hibernation
   606 | D:1      | Learned a level 3 spell: Confusing Touch
  1540 | D:2      | Reached skill level 1 in Ice Magic
  1540 | D:2      | Reached XP level 4. HP: 30/30 MP: 7/7
  2244 | D:3      | Reached skill level 6 in Stealth
  2584 | D:3      | Reached skill level 1 in Fighting
  2606 | D:3      | Reached XP level 5. HP: 22/37 MP: 0/8
  2756 | D:3      | Found a shimmering blue altar of Sif Muna.
  3002 | D:3      | Found a faded altar of an unknown god.
  3829 | D:5      | Entered Level 5 of the Dungeon
  3942 | D:5      | Reached skill level 7 in Stealth
  3953 | D:5      | Found a bloodstained altar of Trog.
  3954 | D:5      | Noticed a wizard
  3959 | D:5      | Killed a wizard
  4067 | D:5      | Found Ityor's Antique Weapon Emporium.
  4117 | D:5      | Reached XP level 6. HP: 46/46 MP: 9/9
  4171 | D:5      | Noticed Prince Ribbit
  4182 | D:5      | Killed Prince Ribbit
  4183 | D:5      | Reached skill level 8 in Stealth
  4279 | D:5      | Reached skill level 1 in Shields
  4279 | D:5      | Reached XP level 7. HP: 54/54 MP: 7/10
  4837 | D:6      | Noticed Blork the orc
  4969 | D:6      | Killed Blork the orc
  4970 | D:6      | Reached skill level 1 in Evocations
  5204 | D:6      | Found a white marble altar of Elyvilon.
  5236 | D:6      | Reached XP level 8. HP: 43/60 MP: 3/11
  5470 | D:6      | Learned a level 3 spell: Tukima's Dance
  5580 | D:6      | Mangled by an orc warrior

Illustrated notes

Levels and vault maps discovered:
D:1:      psy_arrival_radial01, layout_loops_corners
D:2:      layout_basic, minmay_misc_feat_x, nrook_mini_backslash
D:3:      layout_basic, chequers_ecumenical_altar_simple_redux,
          nrook_mini_vaults, amethyst_killhole, wad_floor_pattern_untrapped,
          led_sif_book
D:4:      layout_loops_cross
D:5:      layout_basic, cheibrodos_sewer_entry_bend, serial_shops,
          kennysheep_mini, trog_wizard, uniq_prince_ribbit1
D:6:      layout_cave_pods, lemuel_crystal_altar,
          hangedman_abyss_or_decor_stabs, uniq_blork_the_orc

Skill      XL: |  1  2  3  4  5  6  7  8 |
---------------+-------------------------+-----
Stealth        | 5 6 7 8 |  8.0
Hexes          | 5 6 |  6.0
Dodging        | 3 |  3.0
Ice Magic      | 1 |  1.0
Fighting       | 1 2 4 |  4.0
Shields        | 1 4 |  4.0
Evocations     | 2 3 |  3.1
Short Blades   | |  1.9
Spellcasting   | |  2.0

Action                   |  1- 3 |  4- 6 |  7- 9 || total
-------------------------+-------+-------+-------++-------
Melee: Dagger            |   121 |   145 |    86 ||   352
       Bite              |     5 |    10 |     9 ||    24
       Unarmed           |       |     5 |    11 ||    16
 Cast: Corona            |    18 |     2 |       ||    20
       Ensorcelled Hiber |     7 |    25 |    27 ||    59
       Confusing Touch   |       |     2 |     4 ||     6
  Use: Scroll            |     5 |     7 |     1 ||    13
       Potion            |       |       |     1 ||     1
 Stab: Sleeping          |    15 |    26 |    17 ||    58
       Distracted        |       |     1 |     1 ||     2
       Confused          |       |     4 |     2 ||     6
Armor: Robe              |    17 |    37 |    28 ||    82
Dodge: Dodged            |    64 |   100 |    88 ||   252
